 Dungeon Sprint DCSS version 0.19-a0-376-gf780d9b (webtiles) character file.

1171 namelastname112 the Covert (level 8, -14/65 HPs)
             Began as a Vampire Enchanter on May 30, 2016.
             Was an Initiate of Dithmenos.
             Demolished by a deep troll (17 damage)
             ... in the Dungeon (Sprint I: "Red Sonja").
             The game lasted 00:02:01 (2784 turns).

namelastname112 the Covert (Vampire Enchanter)      Turns: 2784, Time: 00:02:02

Health: -14/65     AC:  3    Str:  7    XL:     8   Next: 18%
Magic:  16/18      EV: 18    Int: 17    God:    Dithmenos [......]
Gold:   405        SH:  0    Dex: 17    Spells: 5 memorised, 9 levels left

rFire  . . .     SeeInvis +     n - +0 short sword (distort)
rCold  + + .     Gourm    .     b - +1 robe
rNeg   + + +     Faith    .     (no shield)
rPois  ∞         Spirit   .     (no helmet)
rElec  .         Dismiss  .     (no cloak)
rCorr  .         Reflect  .     (no gloves)
SustAt .         Harm     .     (no boots)
MR     .....     NoTele   +     (no amulet)
Stlth  +++++++...               (no ring)
                                (no ring)

@: bloodless, non-regenerating, not resistant to hostile enchantments, extremely
stealthy
A: fangs 3, see invisible, unbreathing
a: Bat Form, Renounce Religion


You were in the Dungeon.
You worshipped Dithmenos.
Dithmenos was noncommittal.
You were bloodless.

You visited 1 branch You collected 405 gold pieces.

Inventory:

Hand Weapons
 m - a +0 blowgun
 n - a +0 short sword of distortion (weapon)
Missiles
 o - 8 curare-tipped needles
Armour
 b - a +1 robe (worn)
Wands
 l - a wand of flame (39/48)
Scrolls
 j - a scroll of blinking
Potions
 d - a potion of cure mutation {unknown}
 e - a potion of curing
 f - a potion of heal wounds
 g - a potion of haste
 h - 2 potions of magic
 i - a potion of berserk rage
 k - 5 potions of blood
Books
 c - a book of Maledictions

   Spells                             Type                      Level
   a - Corona                         Hexes                        1
   b - Ensorcelled Hibernation        Hexes/Ice                    2
   c - Confuse                        Hexes                        3
   d - Tukima's Dance                 Hexes                        3
   e - Dazzling Spray                 Conjuration/Hexes            3


   Skills:
 + Level 6.6 Fighting
 + Level 8.1 Short Blades
 + Level 8.3 Dodging
 + Level 12.2 Stealth
 + Level 7.0 Spellcasting
 + Level 11.3 Hexes


You had 9 spell levels left.
You knew the following spells:

 Your Spells              Type           Power        Failure   Level  Hunger
a - Tukima's Dance        Hex            #####...     1%          3    ##.....
c - Dazzling Spray        Conj/Hex       ####..       4%          3    ##.....
d - Corona                Hex            #####..      1%          1    None
x - Confuse               Hex            #####...     1%          3    ##.....
z - Ensorcelled Hibernat  Hex/Ice        ####..       1%          2    None


Dungeon Overview and Level Annotations

Branches:
Dungeon (1/1)

Altars:
Cheibriados
Dithmenos
Elyvilon
Fedhas
Gozag
Hepliaklqana
Kikubaaqudgha
Makhleb
Nemelex Xobeh
Okawaru
Pakellas
Qazlal
Ru
Sif Muna
Trog
Ukayaw
Vehumet
Xom
Yredelemnul
Zin
The Shining One
Jiyva

Shops:
D =


Innate Abilities, Weirdness & Mutations

You do not heal naturally.
You are immune to poison.
You have razor-sharp teeth.
You have supernaturally acute eyesight. (SInv)
You can survive without breathing.


Message History

You bite the deep troll, but do no damage.
The deep troll is heavily wounded.
The deep troll barely misses you. The deep troll closely misses you.
The deep troll claws you!
* * * LOW HITPOINT WARNING * * *
You take 8 damage, and have 16/65 hp.
You barely miss the deep troll.
The deep troll is heavily wounded.
The deep troll grins madly.
You hit the deep troll but do no damage.
The deep troll is heavily wounded.
You barely miss the deep troll.
The deep troll is heavily wounded.
You hit the deep troll but do no damage.
Space bends around the deep troll.
The deep troll is heavily wounded.
The deep troll bites you!
* * * LOW HITPOINT WARNING * * *
The deep troll claws you!
You die...

#..#####'#####'#__#
#..####..#...#(####
#..#__####..##)#
#..#_____##'#..+
#⌠⌠#_.∩..÷'..._#
####_._._##_)#+#
#_____###'#
#########.####+###
+...'$@T$$+
#...####### ##.##
#+#


You could see a deep troll (confused).

Vanquished Creatures
  Sonja (D)
  A slime creature (D)
  Sigmund (D)
  A yak (D)
  An ogre (D)
  A jelly (D)
  Ijyb (D)
7 creatures vanquished.

Vanquished Creatures (others)
  A gargoyle (D)
1 creature vanquished.

Grand Total: 8 creatures vanquished

Notes
Turn   | Place    | Note
--------------------------------------------------------------
     0 | D        | namelastname112 the Vampire Enchanter began the quest for the Orb.
     0 | D        | Reached XP level 1. HP: 13/13 MP: 3/3
     0 | D        | jacquesderrida: zato vsego 11 minut nada
   977 | D        | Killed a gargoyle
  1870 | D        | jacquesderrida: drochit ne nada
  2294 | D        | Noticed Ijyb
  2308 | D        | Killed Ijyb
  2308 | D        | Reached skill level 1 in Fighting
  2308 | D        | Reached skill level 5 in Stealth
  2308 | D        | Reached skill level 5 in Hexes
  2308 | D        | Reached XP level 2. HP: 16/22 MP: 3/5
  2334 | D        | Learned a level 2 spell: Ensorcelled Hibernation
  2334 | D        | Noticed an ogre
  2337 | D        | Killed an ogre
  2337 | D        | Reached skill level 7 in Stealth
  2337 | D        | Reached XP level 3. HP: 25/29 MP: 6/8
  2337 | D        | Reached XP level 4. HP: 30/35 MP: 6/9
  2372 | D        | Noticed Sigmund
  2375 | D        | Killed Sigmund
  2375 | D        | Reached skill level 5 in Short Blades
  2375 | D        | Reached skill level 5 in Dodging
  2375 | D        | Reached skill level 9 in Stealth
  2375 | D        | Reached XP level 5. HP: 42/42 MP: 10/12
  2405 | D        | Learned a level 3 spell: Confuse
  2409 | D        | Learned a level 3 spell: Tukima's Dance
  2413 | D        | Learned a level 3 spell: Dazzling Spray
  2414 | D        | Found a deep blue altar of Sif Muna.
  2416 | D        | Found a radiant altar of Vehumet.
  2420 | D        | Reached skill level 5 in Spellcasting
  2420 | D        | Reached XP level 6. HP: 49/49 MP: 13/13
  2436 | D        | Found Daytrif's Jewellery Emporium.
  2436 | D        | Found a white marble altar of Elyvilon.
  2436 | D        | Found a stormy altar of Qazlal.
  2436 | D        | Found a hazy altar of Hepliaklqana.
  2436 | D        | Found a basalt altar of Yredelemnul.
  2436 | D        | Found an iron altar of Okawaru.
  2436 | D        | Found a sparkling altar of Nemelex Xobeh.
  2436 | D        | Found a shimmering altar of Xom.
  2436 | D        | Found an ancient bone altar of Kikubaaqudgha.
  2436 | D        | Noticed a yak
  2437 | D        | Found a burning altar of Makhleb.
  2437 | D        | Found a sacrificial altar of Ru.
  2437 | D        | Found an oddly glowing altar of Pakellas.
  2437 | D        | Found a hide-covered altar to Ukayaw.
  2437 | D        | Found a glowing golden altar of the Shining One.
  2437 | D        | Found an opulent altar of Gozag.
  2437 | D        | Found a glowing silver altar of Zin.
  2438 | D        | Killed a yak
  2438 | D        | Reached skill level 5 in Fighting
  2438 | D        | Reached skill level 10 in Stealth
  2439 | D        | Found a bloodstained altar of Trog.
  2454 | D        | jacquesderrida: RIGEN
  2456 | D        | Found a snail-covered altar of Cheibriados.
  2456 | D        | Found a viscous altar of Jiyva.
  2456 | D        | Found a shadowy altar of Dithmenos.
  2456 | D        | Found a blossoming altar of Fedhas.
  2456 | D        | Noticed a slime creature
  2459 | D        | Killed a slime creature
  2459 | D        | Reached skill level 11 in Stealth
  2459 | D        | Reached skill level 10 in Hexes
  2459 | D        | Reached XP level 7. HP: 56/56 MP: 14/16
  2461 | D        | Became a worshipper of Dithmenos the Shadowed
  2470 | D        | Noticed Sonja
  2484 | D        | Killed Sonja
  2484 | D        | Reached skill level 12 in Stealth
  2484 | D        | Reached XP level 8. HP: 37/65 MP: 13/18
  2512 | D        | crauler: в абисс не улететь
  2518 | D        | crauler: топ бранд
  2770 | D        | Noticed a deep troll
  2784 | D        | HP: 3/65 [deep troll (13)]
  2784 | D        | Demolished by a deep troll

Vault maps used:
D:        dungeon_sprint_1

Skill      XL: |  1  2  3  4  5  6  7 |
---------------+----------------------+-----
Fighting       | 1 3 4 5 6 |  6.6
Short Blades   | 2 3 5 6 8 |  8.1
Dodging        | 3 4 5 7 8 |  8.3
Stealth        | 5 7 9 11 12 | 12.2
Hexes          | 5 6 8 10 11 | 11.3
Spellcasting   | 3 4 5 6 7 |  7.0

Action                   |  1- 3 |  4- 6 |  7- 9 || total
-------------------------+-------+-------+-------++-------
Melee: Dagger            |    13 |     4 |     9 ||    26
       Short sword       |       |       |     8 ||     8
       Bite              |       |       |     1 ||     1
 Cast: Confuse           |       |       |     2 ||     2
       Ensorcelled Hiber |       |       |     1 ||     1
 Stab: Sleeping          |     2 |     4 |       ||     6
       Confused          |       |       |     1 ||     1
Armor: Robe              |     2 |       |       ||     2
Dodge: Dodged            |     3 |       |    11 ||    14
